 Dungeon Crawl Stone Soup version 0.31-a0-175-g9f7f995f2b (webtiles) character file.

Game seed: 1560533427285965654

1341 qw the Cleaver (level 8, -1/51 HPs)
             Began as a Gargoyle Fighter on June 16, 2023.
             Was an Initiate of Okawaru.
             Slain by an orc warrior
             ... wielding a +0 scimitar
              (10 damage)
             ... on level 7 of the Dungeon.
             The game lasted 00:03:46 (6711 turns).

qw the Cleaver (Gargoyle Fighter)                   Turns: 6711, Time: 00:03:47

Health: -1/51      AC: 19    Str: 23    XL:     8   Next: 62%
Magic:  6/8        EV: 16    Int:  8    God:    Okawaru [......]
Gold:   1070       SH:  5    Dex:  9    Spells: 7/7 levels left

rFire   . . .        Y - +0 war axe
rCold   . . .        c - +0 buckler
rNeg    + . .        b - +0 scale mail
rPois   inf          e - +0 helmet
rElec   +            r - +0 cloak
rCorr   .            k - +0 pair of gloves
SInv    +            j - +0 pair of boots
Will    .....        (no amulet)
Stlth   +            i - +5 ring of evasion
HPRegen 0.28/turn    h - ring of see invisible
MPRegen 0.11/turn

%: no passive effects
@: heroic
A: sickness immunity, AC +5, negative energy resistance 1, electricity
resistance, torment resistance 1, petrification resistance
a: Renounce Religion


You were on level 7 of the Dungeon.
You worshipped Okawaru.
Okawaru was noncommittal.
You visited 2 branches of the dungeon, and saw 8 of its levels.

You collected 1070 gold pieces.


Innate Abilities, Weirdness & Mutations

You are immune to sickness and miasma.
Your stone body is resilient. (AC +5)
You are immune to poison.
You resist negative energy. (rN+)
You are resistant to electric shocks. (rElec)
You are resistant to unholy torment.
You are immune to petrification.


   Skills:
 - Level 6.2(11.2) Fighting
 - Level 8.1(13.1) Axes
 - Level 1.5(6.5) Throwing
 + Level 3.2(8.2) Armour
 - Level 1.0(6.0) Dodging
 - Level 3.2(8.2) Shields
 - Level 0.2 Invocations


You had 7 spell levels left.
You didn't know any spells.
Your spell library was empty.

Inventory:

Hand Weapons
 l - a +0 flail
 Y - a +0 war axe (weapon)
Missiles
 q - 10 boomerangs (quivered)
Armour
 b - a +0 scale mail (worn)
 c - a +0 buckler (worn)
 e - a +0 helmet (worn)
 j - a +0 pair of boots (worn)
 k - a +0 pair of gloves (worn)
 r - a +0 cloak (worn)
Jewellery
 h - a ring of see invisible (right hand)
 i - a +5 ring of evasion (left hand)
Scrolls
 n - 2 scrolls of identify
Potions
 a - 3 potions of attraction
 d - 3 potions of might
 f - a potion of mutation
 m - a potion of resistance
 o - a potion of cancellation
 p - a potion of curing
 s - a potion of invisibility {unknown}
 w - a potion of brilliance {unknown}
 x - a potion of lignification {unknown}

Dungeon Overview and Level Annotations

Branches:
Dungeon (7/15)             Temple (1/1) D:6

Altars:
Ashenzari
Dithmenos
Elyvilon
Fedhas
Gozag
Hepliaklqana
Kikubaaqudgha
Makhleb
Nemelex Xobeh
Okawaru
Qazlal
Ru
Sif Muna
Trog
Uskayaw
Vehumet
Wu Jian
Xom
Zin
The Shining One

Portals:
Abyss: D:6

Annotations:
D:3 3 runed translucent doors, qw's ghost, amateur GrFi
D:4 2 transporters
D:6 2 transporters, qw's ghost, novice GrFi


Message History

You kill the orc wizard!
Okawaru accepts your kill.
You barely miss the wight.
The orc warrior hits you but does no damage.
The wight closely misses you.
The wight hits you with a +4 morningstar!
The orc misses you. The orc barely misses you.
You slash the orc!
You kill the orc!
Okawaru accepts your kill.
You slash the orc!
You kill the orc!
Okawaru accepts your kill.
You slash the orc warrior! You slash the wight! You hit the wight.
You destroy the wight!
Okawaru accepts your kill.
You can now gain great but temporary skills.
The orc warrior hits you with a +0 scimitar.
You block the wight's attack. The wight hits you but does no damage.
Your Fighting skill increases to level 6!
6708 ||| INVOKING Heroism.
You gain the combat prowess of a mighty hero.
You can no longer gain great but temporary skills.
The orc warrior hits you with a +0 scimitar.
The wight closely misses you. The wight barely misses you.
You barely miss the wight.
The wight is heavily damaged.
You slash the orc warrior! You block the orc warrior's attack.
The wight barely misses you. The wight hits you but does no damage.
You closely miss the orc warrior.
The orc warrior is severely wounded.
You hit the wight but do no damage. The orc warrior misses you.
The wight misses you. The wight hits you but does no damage.
You closely miss the orc warrior.
The orc warrior is severely wounded.
You closely miss the wight.
The orc warrior hits you with a +0 scimitar!
You die...

.....# #.....+ #
#.....# # . #.....#
#. # ... #.....#
#.>.#
....#######...#
#...#
......)).$....#
###+##
......o@......#
.#...#
.....zz)).....#
'...'
.(..##...##...#
#...# ...
#...##...# ##+## .
..........### #
.............# #
..............# #
..##.........(# #
#.<.......#########


You could see an orc warrior and 2 wights.

Vanquished Creatures
  Menkaure (D:6)
  A black bear (D:4)
  A phantom (D:6)
  Blork the orc (D:6)
  A bullfrog (D:6)
  2 gnoll sergeants
  A scorpion (D:5)
  3 wights (D:7)
  A gnoll bouda (D:5)
  2 hounds
  3 iguanas
  4 orc wizards
  17 gnolls
  5 adders
  A shadow imp (D:5)
  A white imp (D:6)
  2 worms
  9 orcs
  3 bats
  9 endoplasms
  2 giant cockroaches (D:2)
  9 goblins
  8 hobgoblins
  7 jackals
  5 quokkas
  8 ball pythons
  2 frilled lizards (D:2)
  9 kobolds
  6 rats
124 creatures vanquished.

Notes
Turn   | Place    | Note
-------+----------+-------------------------------------------
     0 | D:1      | qw the Gargoyle Fighter began the quest for the Orb.
     0 | D:1      | Reached XP level 1. HP: 14/14 MP: 1/1
     0 | D:1      | 0 ||| qw: Version: 0.2-a-29-g511e9b1
     0 | D:1      | 0 ||| qw: Game counter: 58
     0 | D:1      | 0 ||| qw: Always use a shield: true
     0 | D:1      | 0 ||| qw: God list: Okawaru
     0 | D:1      | 0 ||| qw: Allow faded altars: false
     0 | D:1      | 0 ||| qw: Do Orc after D:15 true
     0 | D:1      | 0 ||| qw: Do second Lair branch before Depths: true
     0 | D:1      | 0 ||| qw: Lair rune preference: random
     0 | D:1      | 0 ||| qw: Plans: Normal, Zot:1-4, Slime:5, God:TSO, Crypt,
                  | Tomb, Abyss, Pan, Hells, Win
     0 | D:1      | 0 ||| PLANNING D:1-11
    58 | D:1      | Reached skill level 2 in Axes
    66 | D:1      | HP: 3/14 [kobold/+0 club (2)]
   214 | D:1      | Reached XP level 2. HP: 18/19 MP: 2/2
   219 | D:1      | 219 ||| DROPPING +0 whip.
   541 | D:1      | You fall into a shaft and drop 1 floor!
   571 | D:2      | 571 ||| DROPPING +0 whip of electrocution.
   622 | D:2      | Reached skill level 3 in Axes
   631 | D:2      | 631 ||| UPGRADING to +0 pair of gloves.
   636 | D:2      | 636 ||| UPGRADING to +5 ring of evasion.
   637 | D:2      | 637 ||| READING scroll labelled TAOJOTWOUJI.
   649 | D:2      | Reached XP level 3. HP: 13/23 MP: 3/3
   690 | D:2      | 690 ||| READING scroll labelled ZIBONNOILUY.
   691 | D:2      | 691 ||| READING scroll labelled FETEFFUMEUR.
   691 | D:2      | Identified a scroll of acquirement
   691 | D:2      | 691 ||| ACQUIRING 710 gold pieces
   691 | D:2      | Acquired 710 gold pieces
   693 | D:2      | 693 ||| Stepping randomly (stuck).
   694 | D:2      | 694 ||| Stepping randomly (stuck).
   695 | D:2      | 695 ||| Stepping randomly (stuck).
   696 | D:2      | 696 ||| Stepping randomly (stuck).
   697 | D:2      | 697 ||| Stepping randomly (stuck).
   698 | D:2      | 698 ||| Stepping randomly (stuck).
   699 | D:2      | 699 ||| Stepping randomly (stuck).
   700 | D:2      | 700 ||| Stepping randomly (stuck).
   701 | D:2      | 701 ||| Stepping randomly (stuck).
   702 | D:2      | 702 ||| Stepping randomly (stuck).
   703 | D:2      | 703 ||| Stepping randomly (stuck).
   704 | D:2      | 704 ||| Stepping randomly (stuck).
   705 | D:2      | 705 ||| Stepping randomly (stuck).
   706 | D:2      | 706 ||| Stepping randomly (stuck).
   707 | D:2      | 707 ||| Stepping randomly (stuck).
   708 | D:2      | 708 ||| Stepping randomly (stuck).
   709 | D:2      | 709 ||| Stepping randomly (stuck).
   710 | D:2      | 710 ||| Stepping randomly (stuck).
   711 | D:2      | 711 ||| Stepping randomly (stuck).
   712 | D:2      | 712 ||| Stepping randomly (stuck).
   713 | D:2      | 713 ||| Stepping randomly (stuck).
   714 | D:2      | 714 ||| Stepping randomly (stuck).
   715 | D:2      | 715 ||| Stepping randomly (stuck).
   716 | D:2      | 716 ||| Stepping randomly (stuck).
   717 | D:2      | 717 ||| Stepping randomly (stuck).
   718 | D:2      | 718 ||| Stepping randomly (stuck).
   719 | D:2      | 719 ||| Stepping randomly (stuck).
   720 | D:2      | 720 ||| Stepping randomly (stuck).
   721 | D:2      | 721 ||| Stepping randomly (stuck).
   722 | D:2      | 722 ||| Stepping randomly (stuck).
   723 | D:2      | 723 ||| Stepping randomly (stuck).
   724 | D:2      | 724 ||| Stepping randomly (stuck).
   725 | D:2      | 725 ||| Stepping randomly (stuck).
   726 | D:2      | 726 ||| Stepping randomly (stuck).
   727 | D:2      | 727 ||| Stepping randomly (stuck).
   728 | D:2      | 728 ||| Stepping randomly (stuck).
   729 | D:2      | 729 ||| Stepping randomly (stuck).
   730 | D:2      | 730 ||| Stepping randomly (stuck).
   731 | D:2      | 731 ||| Stepping randomly (stuck).
   732 | D:2      | 732 ||| Stepping randomly (stuck).
   733 | D:2      | 733 ||| Stepping randomly (stuck).
   734 | D:2      | 734 ||| Stepping randomly (stuck).
   735 | D:2      | 735 ||| Stepping randomly (stuck).
   736 | D:2      | 736 ||| Stepping randomly (stuck).
   737 | D:2      | 737 ||| Stepping randomly (stuck).
   738 | D:2      | 738 ||| Stepping randomly (stuck).
   739 | D:2      | 739 ||| Stepping randomly (stuck).
   740 | D:2      | 740 ||| Stepping randomly (stuck).
   741 | D:2      | 741 ||| Stepping randomly (stuck).
   742 | D:2      | 742 ||| Stepping randomly (stuck).
   743 | D:2      | 743 ||| Stepping randomly (stuck).
   744 | D:2      | 744 ||| Stepping randomly (stuck).
   745 | D:2      | 745 ||| Stepping randomly (stuck).
   746 | D:2      | 746 ||| Stepping randomly (stuck).
   747 | D:2      | 747 ||| Stepping randomly (stuck).
   748 | D:2      | 748 ||| Stepping randomly (stuck).
   749 | D:2      | 749 ||| Stepping randomly (stuck).
   750 | D:2      | 750 ||| Stepping randomly (stuck).
   751 | D:2      | 751 ||| Stepping randomly (stuck).
   752 | D:2      | 752 ||| Stepping randomly (stuck).
   753 | D:2      | 753 ||| Stepping randomly (stuck).
   754 | D:2      | 754 ||| Stepping randomly (stuck).
   755 | D:2      | 755 ||| Stepping randomly (stuck).
   756 | D:2      | 756 ||| Stepping randomly (stuck).
   757 | D:2      | 757 ||| Stepping randomly (stuck).
   758 | D:2      | 758 ||| Stepping randomly (stuck).
   759 | D:2      | 759 ||| Stepping randomly (stuck).
   760 | D:2      | 760 ||| Stepping randomly (stuck).
   761 | D:2      | 761 ||| Stepping randomly (stuck).
   762 | D:2      | 762 ||| Stepping randomly (stuck).
   763 | D:2      | 763 ||| Stepping randomly (stuck).
   764 | D:2      | 764 ||| Stepping randomly (stuck).
   765 | D:2      | 765 ||| Stepping randomly (stuck).
   766 | D:2      | 766 ||| Stepping randomly (stuck).
   767 | D:2      | 767 ||| Stepping randomly (stuck).
   768 | D:2      | 768 ||| Stepping randomly (stuck).
   769 | D:2      | 769 ||| Stepping randomly (stuck).
   770 | D:2      | 770 ||| Stepping randomly (stuck).
   771 | D:2      | 771 ||| Stepping randomly (stuck).
   772 | D:2      | 772 ||| Stepping randomly (stuck).
   773 | D:2      | 773 ||| Stepping randomly (stuck).
   774 | D:2      | 774 ||| Stepping randomly (stuck).
   775 | D:2      | 775 ||| Stepping randomly (stuck).
   776 | D:2      | 776 ||| Stepping randomly (stuck).
   777 | D:2      | 777 ||| Stepping randomly (stuck).
   778 | D:2      | 778 ||| Stepping randomly (stuck).
   779 | D:2      | 779 ||| Stepping randomly (stuck).
   780 | D:2      | 780 ||| Stepping randomly (stuck).
   781 | D:2      | 781 ||| Stepping randomly (stuck).
   782 | D:2      | 782 ||| Stepping randomly (stuck).
   783 | D:2      | 783 ||| Stepping randomly (stuck).
   784 | D:2      | 784 ||| Stepping randomly (stuck).
   785 | D:2      | 785 ||| Stepping randomly (stuck).
   786 | D:2      | 786 ||| Stepping randomly (stuck).
   787 | D:2      | 787 ||| Stepping randomly (stuck).
   788 | D:2      | 788 ||| Stepping randomly (stuck).
   789 | D:2      | 789 ||| Stepping randomly (stuck).
   790 | D:2      | 790 ||| Stepping randomly (stuck).
   791 | D:2      | 791 ||| Stepping randomly (stuck).
   792 | D:2      | 792 ||| Stepping randomly (stuck).
   793 | D:2      | 793 ||| Stepping randomly (stuck).
   794 | D:2      | 794 ||| Stepping randomly (stuck).
   795 | D:2      | 795 ||| Stepping randomly (stuck).
   796 | D:2      | 796 ||| Stepping randomly (stuck).
   797 | D:2      | 797 ||| Stepping randomly (stuck).
   798 | D:2      | 798 ||| Stepping randomly (stuck).
   799 | D:2      | 799 ||| Stepping randomly (stuck).
   800 | D:2      | 800 ||| Stepping randomly (stuck).
   801 | D:2      | 801 ||| Stepping randomly (stuck).
   802 | D:2      | 802 ||| Stepping randomly (stuck).
   803 | D:2      | 803 ||| Stepping randomly (stuck).
   804 | D:2      | 804 ||| Stepping randomly (stuck).
   805 | D:2      | 805 ||| Stepping randomly (stuck).
   806 | D:2      | 806 ||| Stepping randomly (stuck).
   807 | D:2      | 807 ||| Stepping randomly (stuck).
   808 | D:2      | 808 ||| Stepping randomly (stuck).
   809 | D:2      | 809 ||| Stepping randomly (stuck).
   810 | D:2      | 810 ||| Stepping randomly (stuck).
   811 | D:2      | 811 ||| Stepping randomly (stuck).
   812 | D:2      | 812 ||| Stepping randomly (stuck).
   813 | D:2      | 813 ||| Stepping randomly (stuck).
   814 | D:2      | 814 ||| Stepping randomly (stuck).
   815 | D:2      | 815 ||| Stepping randomly (stuck).
   816 | D:2      | 816 ||| Stepping randomly (stuck).
   817 | D:2      | 817 ||| Stepping randomly (stuck).
   818 | D:2      | 818 ||| Stepping randomly (stuck).
   819 | D:2      | 819 ||| Stepping randomly (stuck).
   820 | D:2      | 820 ||| Stepping randomly (stuck).
   821 | D:2      | 821 ||| Stepping randomly (stuck).
   822 | D:2      | 822 ||| Stepping randomly (stuck).
   823 | D:2      | 823 ||| Stepping randomly (stuck).
   824 | D:2      | 824 ||| Stepping randomly (stuck).
   825 | D:2      | 825 ||| Stepping randomly (stuck).
   826 | D:2      | 826 ||| Stepping randomly (stuck).
   827 | D:2      | 827 ||| Stepping randomly (stuck).
   828 | D:2      | 828 ||| Stepping randomly (stuck).
   829 | D:2      | 829 ||| Stepping randomly (stuck).
   830 | D:2      | 830 ||| Stepping randomly (stuck).
   831 | D:2      | 831 ||| Stepping randomly (stuck).
   832 | D:2      | 832 ||| Stepping randomly (stuck).
   833 | D:2      | 833 ||| Stepping randomly (stuck).
   834 | D:2      | 834 ||| Stepping randomly (stuck).
   835 | D:2      | 835 ||| Stepping randomly (stuck).
   836 | D:2      | 836 ||| Stepping randomly (stuck).
   837 | D:2      | 837 ||| Stepping randomly (stuck).
   838 | D:2      | 838 ||| Stepping randomly (stuck).
   839 | D:2      | 839 ||| Stepping randomly (stuck).
   840 | D:2      | 840 ||| Stepping randomly (stuck).
   841 | D:2      | 841 ||| Stepping randomly (stuck).
   842 | D:2      | 842 ||| Stepping randomly (stuck).
   843 | D:2      | 843 ||| Stepping randomly (stuck).
   844 | D:2      | 844 ||| Stepping randomly (stuck).
   845 | D:2      | 845 ||| Stepping randomly (stuck).
   846 | D:2      | 846 ||| Stepping randomly (stuck).
   847 | D:2      | 847 ||| Stepping randomly (stuck).
   848 | D:2      | 848 ||| Stepping randomly (stuck).
   849 | D:2      | 849 ||| Stepping randomly (stuck).
   850 | D:2      | 850 ||| Stepping randomly (stuck).
   892 | D:2      | 892 ||| UPGRADING to +0 helmet.
   902 | D:2      | 902 ||| FLEEEEING.
   903 | D:2      | 903 ||| FLEEEEING.
   904 | D:2      | 904 ||| STAIRDANCE
   973 | D:1      | 973 ||| Stepping ~*~*~tactically~*~*~ (stealth).
  1278 | D:1      | 1278 ||| UPGRADING to +0 pair of boots.
  1283 | D:1      | 1283 ||| UPGRADING to ring of see invisible.
  1284 | D:1      | 1284 ||| DRINKING 2 sedimented emerald potions.
  1285 | D:1      | 1285 ||| DRINKING 2 amethyst potions.
  1574 | D:2      | Reached XP level 4. HP: 28/28 MP: 4/4
  1666 | D:2      | Reached skill level 4 in Axes
  1912 | D:2      | 1912 ||| READING 2 scrolls labelled JUAJ XOUTWASE.
  1913 | D:2      | 1913 ||| READING scroll labelled OHIXUA TIFFUGH.
  1914 | D:2      | 1914 ||| DROPPING scroll of immolation.
  2015 | D:3      | Found a runed translucent gate.
  2016 | D:3      | Found a runed translucent gate.
  2017 | D:3      | Found a runed translucent gate.
  2018 | D:3      | Noticed qw's ghost (amateur GrFi)
  2021 | D:3      | Identified the +9 dagger of the Hated {freeze, rF+ rN+
                  | Int+2}
  2021 | D:3      | Identified the +0 leather armour "Neuwnea" {rCorr SInv}
  2067 | D:3      | Found a radiant altar of Vehumet.
  2568 | D:3      | 2568 ||| READING 3 scrolls labelled INOTUE NIYFF.
  2569 | D:3      | 2569 ||| DROPPING 2 scrolls of amnesia.
  2727 | D:4      | Reached XP level 5. HP: 30/32 MP: 5/5
  2810 | D:4      | Found a transporter.
  2855 | D:4      | Reached skill level 5 in Axes
  2925 | D:4      | Reached XP level 6. HP: 23/38 MP: 6/6
  2938 | D:4      | Reached skill level 1 in Dodging
  3227 | D:4      | Found a transporter.
  3622 | D:4      | 3622 ||| READING scroll labelled UKID JAUREUF.
  3623 | D:4      | 3623 ||| DRINKING 2 dark potions.
  3624 | D:4      | 3624 ||| READING 3 scrolls of identify.
  3624 | D:4      | 3624 ||| IDENTIFYING emerald potion
  3625 | D:4      | 3625 ||| READING 2 scrolls of identify.
  3625 | D:4      | 3625 ||| IDENTIFYING sedimented dark potion
  3662 | D:5      | Entered Level 5 of the Dungeon
  3662 | D:5      | Noticed a black bear
  3664 | D:5      | 3664 ||| STAIRDANCE
  3674 | D:4      | Killed a black bear
  3766 | D:5      | Reached skill level 6 in Axes
  3850 | D:5      | Reached XP level 7. HP: 43/43 MP: 7/7
  4029 | D:5      | 4029 ||| Stepping ~*~*~tactically~*~*~ (hiding).
  4031 | D:5      | 4031 ||| Stepping ~*~*~tactically~*~*~ (hiding).
  4032 | D:5      | 4032 ||| Stepping ~*~*~tactically~*~*~ (hiding).
  4241 | D:5      | 4241 ||| Stepping ~*~*~tactically~*~*~ (stealth).
  4247 | D:5      | 4247 ||| Stepping ~*~*~tactically~*~*~ (hiding).
  4249 | D:5      | 4249 ||| Stepping ~*~*~tactically~*~*~ (hiding).
  4256 | D:5      | 4256 ||| Stepping ~*~*~tactically~*~*~ (hiding).
  4449 | D:5      | 4449 ||| UPGRADING to +0 cloak.
  4492 | D:6      | Found a staircase to the Ecumenical Temple.
  4493 | D:6      | 4493 ||| PLANNING TEMPLE
  4509 | D:6      | Reached skill level 7 in Axes
  4535 | Temple   | Entered the Ecumenical Temple
  4565 | Temple   | 4565 ||| PLANNING OKAWARU WORSHIP
  5303 | Temple   | Became a worshipper of Warmaster Okawaru
  5304 | Temple   | 5304 ||| PLANNING D:1-11
  5454 | D:6      | Found a transporter.
  5463 | D:6      | 5463 ||| Stepping ~*~*~tactically~*~*~ (stealth).
  5480 | D:6      | 5480 ||| FLEEEEING.
  5481 | D:6      | 5481 ||| FLEEEEING.
  5482 | D:6      | 5482 ||| FLEEEEING.
  5483 | D:6      | 5483 ||| FLEEEEING.
  5484 | D:6      | 5484 ||| FLEEEEING.
  5511 | D:6      | Found a transporter.
  5538 | D:6      | 5538 ||| Stepping ~*~*~tactically~*~*~ (hiding).
  5676 | D:6      | Reached XP level 8. HP: 34/50 MP: 8/8
  5931 | D:6      | Noticed Blork the orc
  5932 | D:6      | 5932 ||| Stepping ~*~*~tactically~*~*~ (hiding).
  5934 | D:6      | 5934 ||| Stepping ~*~*~tactically~*~*~ (hiding).
  5935 | D:6      | 5935 ||| Stepping ~*~*~tactically~*~*~ (hiding).
  5947 | D:6      | Killed Blork the orc
  5948 | D:6      | Reached skill level 1 in Throwing
  5978 | D:6      | Noticed Menkaure
  5979 | D:6      | 5979 ||| Stepping ~*~*~tactically~*~*~ (hiding).
  5986 | D:6      | Killed Menkaure
  5986 | D:6      | Reached * piety under Okawaru
  6092 | D:6      | Noticed a toenail golem
  6273 | D:6      | Noticed qw's ghost (novice GrFi)
  6312 | D:6      | Found a one-way gate to the infinite horrors of the Abyss.
  6314 | D:6      | 6314 ||| DROPPING ring of wizardry.
  6315 | D:6      | 6315 ||| READING scroll labelled COQIODIUNA.
  6316 | D:6      | 6316 ||| READING scroll labelled VYKKUHECVO.
  6317 | D:6      | 6317 ||| READING scroll labelled ODOCKU QECUZYD.
  6418 | D:6      | 6418 ||| DRINKING 2 bubbling ruby potions.
  6485 | D:6      | Noticed a thrashing horror
  6522 | D:6      | 6522 ||| READING 2 scrolls of identify.
  6522 | D:6      | 6522 ||| IDENTIFYING silvery potion
  6523 | D:6      | 6523 ||| DROPPING potion of berserk rage.
  6569 | D:7      | 6569 ||| INVOKING Heroism.
  6570 | D:7      | 6570 ||| INVOKING Heroism.
  6585 | D:7      | 6585 ||| INVOKING Heroism.
  6585 | D:7      | HP: 2/50 [gnoll sergeant/+0 trident (12)]
  6586 | D:7      | 6586 ||| DRINKING potion of heal wounds.
  6696 | D:7      | Reached skill level 8 in Axes
  6706 | D:7      | HP: 11/51 [wight/+4 morningstar (11)]
  6708 | D:7      | Reached skill level 6 in Fighting
  6708 | D:7      | 6708 ||| INVOKING Heroism.
  6711 | D:7      | Slain by an orc warrior

Levels and vault maps discovered:
D:1:      dpeg_arrival_renting, layout_loops_ring
D:2:      minmay_inner_zag, layout_basic, hangedman_decor_points
D:3:      layout_loops_ring, nicolae_vehumet_altar_sigil,
          biasface_ghost_orc_armoury
D:4:      gammafunk_steamed_eel, layout_gridville
D:5:      layout_cave_pools, nicolae_letterblocks [nicolae_letter_subblock,
          nicolae_letter_subblock, nicolae_letter_subblock,
          nicolae_letter_subblock, nicolae_letter_subblock,
          nicolae_letter_subblock, nicolae_letter_subblock,
          nicolae_letter_subblock, nicolae_letter_subblock,
          nicolae_letter_subblock, nicolae_letter_subblock,
          nicolae_letter_subblock, nicolae_letter_subblock,
          nicolae_letter_subblock, nicolae_letter_subblock,
          nicolae_letter_subblock, nicolae_letter_subblock,
          nicolae_letter_subblock, nicolae_letter_subblock,
          nicolae_letter_subblock, nicolae_letter_subblock,
          nicolae_letter_subblock, nicolae_letter_subblock,
          nicolae_letter_subblock, nicolae_letter_subblock]
D:6:      layout_loops_ring, minmay_temple_entry_waves,
          gammafunk_ghost_abyssal_escape, uniq_blork_the_orc, uniq_menkaure
D:7:      layout_gridville, nicolae_elevator_lobby_plus, uniq_duvessa
Temple:   compressed_dpeg_triangle_lava_temple

Skill      XL: |  1  2  3  4  5  6  7  8 |
---------------+-------------------------+-----
Axes           | 2 3 4 5 6 7 8 |  8.1
Fighting       | 4 5 6 |  6.2
Dodging        | 1 |  1.0
Throwing       | 1 |  1.5
Armour         | |  3.2
Shields        | |  3.2
Invocations    | |  0.2

Action                     |  1- 3 |  4- 6 |  7- 9 || total
---------------------------+-------+-------+-------++-------
  Melee: War axe           |   115 |   161 |   155 ||   431
  Throw: Boomerang         |       |    21 |    22 ||    43
 Invoke: Heroism           |       |       |     3 ||     3
    Use: Scroll            |     3 |     6 |     4 ||    13
         Potion            |     2 |     1 |     2 ||     5
 Armour: Scale mail        |    41 |    75 |    70 ||   186
  Dodge: Dodged            |    73 |   134 |   131 ||   338
  Block: Buckler           |    23 |    35 |    44 ||   102

Table legend:
 A = Non-vault XP
 B = Vault XP
 C = Vault XP percentage of total XP
 D = Non-vault monster count
 E = Vault monster count
 F = Vault count percentage of total count
                 A         B        C        D         E       F
            +---------+---------+-------+---------+---------+-------
      Total |    1642 |     274 |  14.3 |     116 |       8 |   6.5
            +---------+---------+-------+---------+---------+-------
        D:1 |      38 |       0 |   0.0 |      24 |       0 |   0.0
        D:2 |      78 |       9 |  10.3 |      24 |       6 |  20.0
        D:3 |      25 |       0 |   0.0 |       8 |       0 |   0.0
        D:4 |     346 |       0 |   0.0 |      24 |       0 |   0.0
        D:5 |     307 |       0 |   0.0 |      12 |       0 |   0.0
        D:6 |     423 |     265 |  38.5 |      11 |       2 |  15.4
        D:7 |     425 |       0 |   0.0 |      13 |       0 |   0.0
            +---------+---------+-------+---------+---------+-------
